 Dungeon Crawl Stone Soup version 0.22.1-1-ga44c0e56f4 (webtiles) character file.

4530 Ihlosi the Fighter (level 10, -3/119 HPs)
             Began as an Ogre Gladiator on Nov 4, 2018.
             Was an Elder of Okawaru.
             Killed by divine providence
             ... invoked by an orc priest
              (13 damage)
             ... on level 9 of the Dungeon.
             The game lasted 00:41:51 (11317 turns).

Ihlosi the Fighter (Ogre Gladiator)                Turns: 11317, Time: 00:41:51

Health: -3/119     AC: 11    Str: 20      XL:     10   Next: 39%
Magic:  13/13      EV: 12    Int:  9      God:    Okawaru [****..]
Gold:   374        SH:  0    Dex: 10 (13) Spells: 9/9 levels left

rFire    . . .     SeeInvis .   c - +2 dire flail (protect)
rCold    + . .     Gourm    .   (shield currently unavailable)
rNeg     . . .     Faith    .   C - +0 robe
rPois    .         Spirit   .   B - +0 hat
rElec    .         Reflect  .   E - +0 cloak
rCorr    .         Harm     .   (gloves unavailable)
MR       +....                  (boots unavailable)
Stlth    +.........             q - amulet of magic regeneration
HPRegen  0.29/turn              F - ring of protection from cold
MPRegen  0.38/turn              (no ring)

@: protection aura, very slightly contaminated, invisible
A: large, unfitting armour, sense surroundings 1, tough skin 1, MP-powered wands
a: Heroism, Renounce Religion


You were on level 9 of the Dungeon.
You worshipped Okawaru.
Okawaru was greatly pleased with you.
You were not hungry.

You visited 2 branches of the dungeon, and saw 10 of its levels.

You collected 428 gold pieces.
You spent 54 gold pieces at shops.

Inventory:

Hand Weapons
 a - a +3 flail
 b - a +2 mace of holy wrath
 c - a +2 dire flail of protection (weapon)
 e - a +2 dire flail of holy wrath
 g - a +1 vampiric whip
 t - a +0 giant spiked club
 z - a +0 whip of freezing
 H - a cursed -3 dagger
 J - a +2 falchion of flaming
Armour
 u - a +0 robe
 B - a +0 hat (worn)
 C - a +0 robe (worn)
 E - a +0 cloak (worn)
Jewellery
 q - an amulet of magic regeneration (around neck)
 F - a ring of protection from cold (left hand)
Wands
 l - a wand of flame (1)
 n - a wand of iceblast (18)
 y - a wand of polymorph (12)
Scrolls
 d - a scroll of fear {unknown}
 h - 3 scrolls of amnesia
 i - 6 scrolls of remove curse
 j - 2 scrolls of enchant weapon
 k - 5 scrolls of identify
 m - a scroll of fog
 o - a scroll of magic mapping
 p - 3 scrolls of teleportation
 s - a scroll of immolation {unknown}
 w - a scroll of holy word {unknown}
 x - a scroll of vulnerability {unknown}
 A - 2 scrolls of noise
Potions
 r - 2 potions of mutation
 v - a potion of curing
Comestibles
 f - 9 rations
 I - 5 chunks of flesh


   Skills:
 * Level 13.0 Fighting
 + Level 7.0 Maces & Flails
 * Level 2.4 Throwing
 - Level 3.0 Armour
 * Level 5.9 Dodging
 * Level 4.2 Invocations
 - Level 1.0 Evocations


You had 9 spell levels left.
You didn't know any spells.
Your spell library contained the following spells:

 Spells                   Type           Power        Failure   Level  Hunger
 Summon Small Mammal      Summ           #...         38%         1    ##.....
 Call Imp                 Summ           #.......     52%         2    ###....
 Call Canine Familiar     Summ           #.......     77%         3    ####...
 Summon Guardian Golem    Hex/Summ       #.......     77%         3    ####...
 Summon Ice Beast         Ice/Summ       #.......     99%         4    #####..
 Summon Lightning Spire   Summ/Air       #.......     99%         4    #####..


Dungeon Overview and Level Annotations

Branches:
Dungeon (9/15)             Temple (1/1) D:5            Lair (0/6) D:9
    Orc: D:9-12

Altars:
Ashenzari
Cheibriados
Dithmenos
Elyvilon
Fedhas
Gozag
Hepliaklqana
Kikubaaqudgha
Makhleb
Nemelex Xobeh
Okawaru
Qazlal
Ru
Sif Muna
Trog
Uskayaw
Vehumet
Wu Jian
Xom
Yredelemnul
Zin
The Shining One

Shops:
D:7 *:

Annotations:
D:8 3-headed hydra!


Innate Abilities, Weirdness & Mutations

You are too large for most types of armour.
You have tough skin. (AC +1)
You passively map a small area around you.
You expend magic power (3 MP) to strengthen your wands.


Message History

You kill the orc wizard!
Okawaru accepts your kill. The orc closely misses you.
You catch the helpless orc completely off-guard!
You puncture the orc!
You kill the orc!
Okawaru accepts your kill.
The orc priest invokes the aid of Beogh against you.
Pain shoots through your body!
* * * LOW HITPOINT WARNING * * *
Things that are here:
a mace; a leather armour; 8 gold pieces
Things that are here:
a dagger of electrocution; a robe The orc priest hits you with a short sword.
* * * LOW HITPOINT WARNING * * *
You barely miss the orc priest.
The orc priest calls down the wrath of Beogh upon you.
Beogh smites you!
You die...

###(#.....#
#(##....#
#.##....#
#.##....#
#.#<....#
#)##.####
#.#.....#
#.#####.#
#.o@)).)#
#########


You could see an orc priest.

Vanquished Creatures
  A dream sheep (D:8)
  2 yaks
  A basilisk (D:9)
  A hungry ghost (D:8)
  A warg (D:7)
  A water moccasin (D:3)
  A porcupine (D:8)
  2 ice beasts (D:6)
  2 black bears
  5 sky beasts
  3 ogres
  A phantom (D:5)
  A wolf (D:9)
  2 centaurs
  2 big kobolds (D:8)
  A crocodile (D:9)
  2 scorpions
  3 wights (D:7)
  2 howler monkeys (D:8)
  A bullfrog zombie (D:6)
  3 crimson imps
  2 quasits
  A jelly (D:6)
  A bullfrog skeleton (D:4)
  An orc priest (D:9)
  4 gnoll shamans (D:6)
  3 hounds
  2 iguanas
  Natasha (thrice) (D:3)
  6 orc wizards
  6 worker ants
  A hound skeleton (D:4)
  A worker ant zombie (D:5)
  6 adders
  42 gnolls
  3 shadow imps
  An ooze (D:4)
  2 adder skeletons (D:4)
  5 worms
  4 dart slugs
  13 leopard geckos
  21 orcs
  5 giant cockroaches
  11 goblins
  3 hobgoblins
  16 jackals
  5 kobolds
  8 quokkas
  A ball python (D:7)
  9 bats
  4 frilled lizards
  2 leopard gecko skeletons (D:4)
  A quokka skeleton (D:8)
  3 rats (D:1)
234 creatures vanquished.

Vanquished Creatures (others)
  A slave (D:7)
  A wight (D:7)
  A jelly (D:7)
  An adder (D:7)
  2 plants (D:8)
6 creatures vanquished.

Grand Total: 240 creatures vanquished

Notes
Turn   | Place    | Note
-------+----------+-------------------------------------------
     0 | D:1      | Ihlosi the Ogre Gladiator began the quest for the Orb.
     0 | D:1      | Reached XP level 1. HP: 22/22 MP: 1/1
   124 | D:1      | Reached XP level 2. HP: 22/29 MP: 2/2
   167 | D:1      | Reached skill level 3 in Fighting
   664 | D:1      | Reached XP level 3. HP: 39/39 MP: 3/3
   711 | D:1      | Reached skill level 4 in Fighting
   916 | D:2      | Gained mutation: You expend magic power (3 MP) to
                  | strengthen your wands. [potion of mutation]
   916 | D:2      | Gained mutation: You passively map a small area around you.
                  | [potion of mutation]
  1007 | D:2      | Reached skill level 5 in Fighting
  1007 | D:2      | Reached XP level 4. HP: 42/50 MP: 4/4
  1733 | D:2      | Found a sacrificial altar of Ru.
  1784 | D:2      | Reached skill level 6 in Fighting
  1949 | D:3      | Noticed a water moccasin
  1972 | D:3      | Killed a water moccasin
  1972 | D:3      | Reached skill level 7 in Fighting
  1972 | D:3      | Reached XP level 5. HP: 57/62 MP: 0/5
  2048 | D:3      | Reached XP level 6. HP: 58/71 MP: 6/6
  2305 | D:3      | Reached skill level 8 in Fighting
  2887 | D:4      | Noticed Natasha
  2898 | D:3      | Killed Natasha
  3195 | D:3      | Noticed Natasha
  3206 | D:3      | Killed Natasha
  3509 | D:3      | Noticed Natasha
  3519 | D:3      | Killed Natasha
  3713 | D:4      | Reached skill level 9 in Fighting
  3731 | D:4      | Reached XP level 7. HP: 73/83 MP: 7/7
  3907 | D:4      | Found an iron altar of Okawaru.
  3912 | D:4      | Became a worshipper of Warmaster Okawaru
  4142 | D:4      | Noticed Edmund
  4187 | D:5      | Entered Level 5 of the Dungeon
  4259 | D:5      | Reached skill level 1 in Evocations
  4267 | D:5      | Reached skill level 10 in Fighting
  4316 | D:5      | Reached skill level 1 in Invocations
  4316 | D:5      | Reached XP level 8. HP: 93/93 MP: 8/8
  4794 | D:5      | Reached * piety under Okawaru
  4794 | D:5      | Reached skill level 1 in Armour
  4955 | D:5      | Found a staircase to the Ecumenical Temple.
  4964 | Temple   | Entered the Ecumenical Temple
  5992 | D:6      | Reached skill level 5 in Maces & Flails
  6758 | D:6      | Found an ornate altar of the Wu Jian Council.
  6758 | D:6      | Found a burning altar of Makhleb.
  6783 | D:6      | Reached skill level 11 in Fighting
  6783 | D:6      | Reached XP level 9. HP: 75/105 MP: 10/10
  7916 | D:6      | Reached ** piety under Okawaru
  8396 | D:7      | Found an ancient bone altar of Kikubaaqudgha.
  8425 | D:7      | Noticed Pikel
  8593 | D:7      | Found Enun Heu's General Store.
  8627 | D:7      | Bought a scroll of magic mapping for 42 gold pieces
  8627 | D:7      | Bought a scroll of noise for 12 gold pieces
  8891 | D:7      | Noticed Pikel
  8891 | D:7      | Pikel changed into Pikel the warg
  8898 | D:7      | Killed Pikel the warg
  8898 | D:7      | Reached skill level 12 in Fighting
  8949 | D:7      | Found Rujaf's Book Emporium.
  9079 | D:7      | Reached skill level 5 in Dodging
  9093 | D:7      | Found a radiant altar of Vehumet.
  9910 | D:4      | Noticed Edmund
  9910 | D:4      | Edmund changed into Edmund the ooze
  9912 | D:4      | Killed Edmund the ooze
 10476 | D:8      | Noticed Maurice
 10477 | D:8      | Noticed Maurice
 10477 | D:8      | Maurice changed into Maurice the porcupine
 10482 | D:8      | Killed Maurice the porcupine
 10608 | D:8      | Reached *** piety under Okawaru
 10698 | D:8      | Reached XP level 10. HP: 93/117 MP: 12/12
 11017 | D:8      | Noticed a three-headed hydra
 11174 | D:9      | Found a staircase to the Lair.
 11306 | D:9      | Reached **** piety under Okawaru
 11306 | D:9      | Reached skill level 13 in Fighting
 11317 | D:9      | Killed from afar by an orc priest

Skill      XL: |  1  2  3  4  5  6  7  8  9 10 |
---------------+-------------------------------+-----
Fighting       | 3 5 7 9 10 11 12 13 | 13.0
Dodging        | 3 5 |  5.9
Maces & Flails | 3 5 6 7 |  7.0
Evocations     | 1 |  1.0
Invocations    | 1 3 4 |  4.2
Armour         | 1 3 |  3.0
Throwing       | |  2.4

Action                   |  1- 3 |  4- 6 |  7- 9 | 10-12 || total
-------------------------+-------+-------+-------+-------++-------
Melee: Flail             |    95 |   163 |   415 |    24 ||   697
       Mace              |       |       |    58 |     2 ||    60
       Dire flail        |       |       |     3 |    64 ||    67
Throw: Javelin           |    26 |    15 |    13 |     2 ||    56
       Throwing net      |     5 |     1 |     3 |       ||     9
Evoke: Wand              |       |     9 |    23 |     1 ||    33
  Use: Potion            |     6 |     1 |     3 |     1 ||    11
       Scroll            |       |     2 |     4 |       ||     6
 Stab: Held in net/web   |       |     1 |     3 |       ||     4
       Sleeping          |       |       |     1 |       ||     1
       Invisible         |       |       |       |     2 ||     2
  Eat: Chunk             |       |     7 |    17 |     3 ||    27
       Ration            |       |     1 |     2 |       ||     3
Armor: Robe              |    28 |    37 |    71 |    38 ||   174
Dodge: Dodged            |    87 |   106 |   270 |    51 ||   514
